 Dungeon Crawl Stone Soup version 0.27-a0-1149-g4505690ab0 (webtiles) character file.

Game seed: 9034895608853275968

1078 leviel the Chopper (level 8, -2/65 (70) HPs)
             Began as a Minotaur Fighter on May 13, 2021.
             Slain by a wight
             ... wielding a +0 halberd
              (10 damage)
             ... on level 4 of the Dungeon.
             The game lasted 00:05:08 (4121 turns).

leviel the Chopper (Minotaur Fighter)               Turns: 4121, Time: 00:05:09

HP:   -2/65 (70)    AC:  7    Str: 24    XL:     8   Next: 8%
MP:   7/7           EV:  8    Int:  5    God:
Gold: 200           SH: 10    Dex:  9    Spells: 7/7 levels left

rFire    . . .     SeeInvis .   a - +0 war axe
rCold    . . .     Faith    .   c - +0 kite shield
rNeg     . . .     Spirit   .   b - +0 scale mail
rPois    +         Reflect  .   (helmet restricted)
rElec    .         Harm     .   (no cloak)
rCorr    .         Rampage  .   (no gloves)
Will     .....                  (no boots)
Stlth    ..........             (no amulet)
HPRegen  0.20/turn              n - ring of poison resistance
MPRegen  0.10/turn              (no ring)

@: drained
A: horns 2, retaliatory headbutt
a: no special abilities


You were on level 4 of the Dungeon.
You visited 1 branch of the dungeon, and saw 4 of its levels.
You also visited: Sewer.

You collected 200 gold pieces.

Inventory:

Hand Weapons
 a - a +0 war axe (weapon)
Armour
 b - a +0 scale mail (worn)
 c - a +0 kite shield (worn)
Jewellery
 n - a ring of poison resistance (left hand)
Wands
 s - a wand of digging (2)
 A - a wand of mindburst (12)
Scrolls
 e - 2 scrolls of identify {unknown}
 g - a scroll of silence {unknown}
 h - 2 scrolls of fog {unknown}
 j - 2 scrolls of vulnerability {unknown}
 l - a scroll of fear {unknown}
 q - a scroll of magic mapping {unknown}
 r - a scroll of enchant weapon {unknown}
 u - a scroll of teleportation {unknown}
 v - a scroll of immolation {unknown}
 w - a scroll of amnesia {unknown}
 x - a scroll of blinking {unknown}
 y - a scroll of enchant armour {unknown}
 z - a scroll of holy word {unknown}
Potions
 d - 5 potions of might
 f - 2 potions of heal wounds {unknown}
 i - a potion of ambrosia {unknown}
 k - a potion of invisibility {unknown}
 m - 7 potions of curing
 o - a potion of mutation {unknown}
 p - a potion of resistance {unknown}
 t - 4 potions of brilliance {unknown}


   Skills:
 + Level 6.2 Fighting
 * Level 7.6 Axes
 + Level 6.1 Armour
 + Level 6.2 Shields


You had 7 spell levels left.
You didn't know any spells.
Your spell library contained the following spells:

 Spells                   Type           Power      Damage    Failure   Level
 Sandblast                Erth           0%         2d4       98%         1
 Passwall                 Tmut/Erth      0%         N/A       99%         2
 Gell's Gravitas          Tloc           0%         N/A       100%        3
 Portal Projectile        Hex/Tloc       0%         N/A       100%        3
 Stone Arrow              Conj/Erth      0%         3d7       100%        3
 Passage of Golubria      Tloc           N/A        N/A       100%        4
 Petrify                  Tmut/Erth      0%         N/A       100%        4
 Lee's Rapid Deconstruct  Erth           0%         3d5*      100%        5
 Manifold Assault         Tloc           0%         N/A       100%        5
 Dispersal                Tloc           0%         N/A       100%        6
 Disjunction              Tloc           0%         N/A       100%        8


Dungeon Overview and Level Annotations

Branches:
Dungeon (4/15)             Temple (0/1) D:4           Sewer (visited)

Altars:
Cheibriados


Innate Abilities, Weirdness & Mutations

You have a pair of horns on your head.
You reflexively headbutt those who attack you in melee.


Message History

You are too injured to fight recklessly!
You are too injured to fight recklessly!
You are too injured to fight recklessly!
You are too injured to fight recklessly!
You are too injured to fight recklessly!
You are too injured to fight recklessly!
You are too injured to fight recklessly!
You are too injured to fight recklessly!
You are too injured to fight recklessly!
You are too injured to fight recklessly!
You are too injured to fight recklessly!
You are too injured to fight recklessly!
Unknown command.
The wight hits you from afar with a +0 halberd!
You feel drained.
You hit the wight.
The wight is moderately damaged.
The wight hits you with a +0 great sword!
* * * LOW HITPOINT WARNING * * *
You feel drained.
You closely miss the wight.
The wight is moderately damaged.
You block the wight's attack.
You barely miss the wight. You headbutt the wight.
The wight is severely damaged.
The wight hits you with a +0 great sword.
* * * LOW HITPOINT WARNING * * *
You block the wight's attack.
You hit the wight but do no damage.
The wight is severely damaged.
You block the wight's attack.
The wight hits you from afar with a +0 halberd.
* * * LOW HITPOINT WARNING * * *
You slice the wight!!
You destroy the wight!
The wight hits you from afar with a +0 halberd.
* * * LOW HITPOINT WARNING * * *
The wight closely misses you.
The wight hits you from afar with a +0 halberd!
You die...

##.###......#####+##
..........<.....#..###
..)..................
##.##.#####........# ....#
##.##.## #.#.##...###........#
...#...# #.#.#...........##.[#
####...####.#.#...........##..##
###....+......<....##......#....
.#.....##.#.#..#@.............#
..................z#.#.....#..#
......≈≈≈≈≈........z.#........#
....≈≈≈≈≈≈≈≈≈.(......z........###
..≈≈≈≈≈≈≈≈≈≈≈≈≈............##....
.≈≈≈≈≈≈≈≈≈≈≈≈≈≈≈..####.....##z###
.≈≈≈≈≈≈...≈≈≈≈≈≈... #.##.###z#
.≈≈≈≈≈≈.>.≈≈≈≈≈≈.#. #.##.# #.###
.≈≈≈≈≈≈...≈≈≈≈≈≈. . #.##.###.##.


You could see 3 wights.

Vanquished Creatures
  Pikel (D:4)
  A phantom (D:4)
  A kobold brigand (Sewer)
  2 scorpions (D:4)
  A wight (D:4)
  A hound (D:4)
  Ijyb (D:3)
  Jessica (D:2)
  Natasha (D:2)
  Robin (D:3)
  5 adders
  An ufetubus (D:3)
  An adder skeleton (D:4)
  A worm (D:2)
  5 dart slugs
  An orc (D:3)
  15 ball pythons
  4 bats
  9 endoplasms
  6 giant cockroaches
  24 goblins
  8 hobgoblins
  13 jackals
  3 quokkas
  7 frilled lizards
  18 kobolds
  8 rats
140 creatures vanquished.

Vanquished Creatures (others)
  2 fungi (Sewer)
  6 plants
8 creatures vanquished.

Grand Total: 148 creatures vanquished

Notes
Turn   | Place    | Note
-------+----------+-------------------------------------------
     0 | D:1      | leviel the Minotaur Fighter began the quest for the Orb.
     0 | D:1      | Reached XP level 1. HP: 19/19 MP: 0/0
   148 | D:1      | Reached XP level 2. HP: 17/27 MP: 1/1
   360 | D:1      | Found a faded altar of an unknown god.
   485 | D:1      | Reached skill level 3 in Axes
   708 | D:1      | Reached XP level 3. HP: 33/33 MP: 2/2
  1528 | D:2      | Noticed Jessica
  1533 | D:2      | Reached XP level 4. HP: 29/40 MP: 3/3
  1534 | D:2      | Killed Jessica
  1535 | D:2      | Reached skill level 4 in Axes
  2006 | D:2      | Noticed Natasha
  2012 | D:2      | Killed Natasha
  2013 | D:2      | Reached XP level 5. HP: 37/47 MP: 4/4
  2288 | D:3      | Noticed Robin
  2301 | D:3      | Killed Robin
  2631 | D:3      | Noticed Ijyb
  2647 | D:3      | Killed Ijyb
  2648 | D:3      | Reached skill level 5 in Axes
  2860 | D:3      | Found a glowing drain.
  2865 | Sewer    | Entered a sewer
  2893 | Sewer    | Reached XP level 6. HP: 55/55 MP: 5/5
  3011 | Sewer    | Reached skill level 5 in Fighting
  3085 | Sewer    | Reached skill level 5 in Shields
  3178 | D:4      | Found a staircase to the Ecumenical Temple.
  3237 | D:4      | Noticed Pikel
  3250 | D:4      | Killed Pikel
  3251 | D:4      | Reached skill level 6 in Axes
  3251 | D:4      | Reached skill level 5 in Armour
  3251 | D:4      | Reached XP level 7. HP: 34/62 MP: 6/6
  3524 | D:4      | Reached skill level 7 in Axes
  3531 | D:4      | Found a snail-covered altar of Cheibriados.
  3939 | D:4      | Reached XP level 8. HP: 53/70 MP: 7/7
  4121 | D:4      | Slain by a wight

Illustrated notes

Levels and vault maps discovered:
D:1:      matt_arrival_grand_opening, layout_basic,
          shapermc_ecumenical_altar_notcrosses
D:2:      minmay_razor_zed, layout_basic, uniq_natasha, uniq_jessica
D:3:      layout_basic, nicolae_dithmenos_through_a_glass_darkly,
          nicolae_overflow_hidden_temple, gup_sewer_entry_bowl,
          grunt_decor_clamped, serial_bayou_pond_b, uniq_crazy_yiuf_cottage,
          uniq_robin, uniq_ijyb
D:4:      kennysheep_goblin_castle, layout_basic, lemuel_tele_altar,
          temple_pool_b, uniq_pikel

Skill      XL: |  1  2  3  4  5  6  7 |
---------------+----------------------+-----
Axes           | 3 4 5 6 7 |  7.6
Shields        | 4 5 6 |  6.2
Fighting       | 4 5 6 |  6.2
Armour         | 4 5 6 |  6.1

Action                   |  1- 3 |  4- 6 |  7- 9 || total
-------------------------+-------+-------+-------++-------
Melee: War axe           |    79 |   145 |    64 ||   288
       Headbutt          |     8 |    15 |    11 ||    34
Armor: Scale mail        |    47 |    68 |    30 ||   145
Dodge: Dodged            |    26 |    54 |    19 ||    99
Block: Kite shield       |    47 |    90 |    38 ||   175

Table legend: (Time is in decaauts)
 A = Elapsed time spent in this place.
 B = Non-inter-level travel time spent in this place.
 C = Inter-level travel time spent in this place.
 D = Time resting spent in this place.
 E = Time spent auto-exploring this place.
 F = Levels seen in this place.
 G = Mean time per level.
                   A        B        C        D        E       F      G
               +--------+--------+--------+--------+--------+-----+--------+
         Total |   4286 |   4175 |    111 |    318 |   3080 |   5 |  857.2 |
       Dungeon |   3986 |   3875 |    111 |    318 |   2911 |   4 |  996.5 |
         Sewer |    299 |    299 |      0 |      0 |    169 |   1 |  299.0 |
               +--------+--------+--------+--------+--------+-----+--------+

Top non-repeatable levels by time:
     D:2: 1250 daAuts
     D:1: 1102 daAuts
     D:4: 996 daAuts
     D:3: 636 daAuts
   Sewer: 299 daAuts
